AoeStats
← thing2

Arabia

508758002Analyzed
1v1 RM · 10d ago on Sep 23, 2026· 53m 44s· 2 players
Game mode
Random Map
Map size
Tiny (2 player)
Population
200
Speed
Normal
Resources
Standard
Victory
Conquest
Starting age
Dark Age
Ending age
Imperial Age
RankedLock teamsTeams togetherTeam positionsShared explorationLock speedFull tech treeHidden civsTurbo modeCheats
Victory
Defeat
🇨🇦 Georgians · Canada
1303
+18
🇬🇹 Huns · Guatemala
1351
-18
PIPOS
14:51 Feudal Age
14:37 Loom
15:22 Double-Bit Axe
19:08 Castle Age
17:58 Forging
18:06 Bloodlines
18:01 Horse Collar
18:47 Scale Barding Armor
21:39 Bow Saw
27:47 Chain Barding Armor
34:42 Gold Mining
37:57 Iron Casting
43:17 Gold Shaft Mining
44:22 Scale Mail Armor
43:47 Pikeman
48:04 Chain Mail Armor
52:03 Imperial Age
50:09 Wheelbarrow
49:20 Town Watch
50:58 Heavy Plow
52:04 Halberdier
53:47 Blast Furnace
53:17 Squires
thing2
6:26 Loom
9:31 Feudal Age
10:48 Double-Bit Axe
10:43 Horse Collar
21:26 Castle Age
20:46 Forging
20:42 Scale Barding Armor
20:53 Bloodlines
20:42 Gold Mining
21:44 Town Watch
22:11 Husbandry
28:58 Iron Casting
30:34 Chain Barding Armor
40:07 Fletching
49:23 Imperial Age
47:33 Wheelbarrow
49:42 Hand Cart
49:39 Bow Saw
49:30 Heavy Plow
49:51 Bodkin Arrow
49:28 Cavalier
51:24 Blast Furnace
51:02 Conscription
52:28 Plate Barding Armor
53:07 Aznauri Cavalry
Connection lost

Rejoining the realm…

Still unreachable

The connection could not be restored.

Session expired

The server has moved on; the page needs a fresh start.